 Dungeon Crawl Stone Soup version 0.22-a0-136-g83a10e5 (webtiles) character file.

371 hpc the Cudgeler (level 6, -3/37 HPs)
             Began as a Gargoyle Fighter on Feb 2, 2018.
             Slain by Sigmund
             ... wielding a +3 scythe of slicing
              (8 damage)
             ... on level 3 of the Dungeon.
             The game lasted 00:04:30 (2329 turns).

hpc the Cudgeler (Gargoyle Fighter)                 Turns: 2329, Time: 00:04:31

Health: -3/37      AC: 11    Str: 19    XL:     6   Next: 70%
Magic:  6/6        EV:  7    Int:  9    God:
Gold:   147        SH:  0    Dex: 11    Spells: 5/5 levels left

rFire    . . .     SeeInvis .   o - +0 mace
rCold    . . .     Gourm    .   c - +0 shield
rNeg     + . .     Faith    .   n - +0 scale mail
rPois    ∞         Spirit   .   (no helmet)
rElec    +         Reflect  .   (no cloak)
rCorr    .         Harm     .   (no gloves)
MR       .....                  (no boots)
Stlth    ..........             (no amulet)
HPRegen  0.12/turn              (no ring)
MPRegen  0.10/turn              (no ring)

@: confused
A: negative energy resistance 1, electricity resistance, unbreathing,
petrification resistance, rot immunity, AC +4
a: no special abilities


You were on level 3 of the Dungeon.
You were not hungry.

You visited 1 branch of the dungeon, and saw 3 of its levels.

You collected 147 gold pieces.

Inventory:

Hand Weapons
 a - a +0 flail
 o - a +0 mace (weapon)
Missiles
 d - 2 javelins (quivered)
 p - 33 bolts
Armour
 b - a +0 scale mail
 c - a +0 shield (worn)
 n - a +0 scale mail (worn)
Jewellery
 v - a +3 ring of protection {unknown}
Wands
 r - a wand of random effects (17)
Scrolls
 i - a scroll of immolation {unknown}
 j - a scroll of enchant armour {unknown}
 k - 2 scrolls of identify {unknown}
 m - a scroll of noise {unknown}
Potions
 e - a potion of agility {unknown}
 g - a potion of lignification {unknown}
 h - a potion of degeneration {unknown}
 l - a potion of mutation {unknown}
 s - a potion of berserk rage {unknown}
 t - a potion of curing {unknown}
 u - a potion of brilliance {unknown}
Comestibles
 f - 5 rations
 q - 2 chunks of flesh


   Skills:
 - Level 3.2 Fighting
 + Level 6.9 Maces & Flails
 - Level 3.2 Armour
 - Level 3.2 Shields


You had 5 spell levels left.
You didn't know any spells.

Dungeon Overview and Level Annotations

Branches:
Dungeon (3/15)

Altars:
Trog
Uskayaw

Annotations:
D:2 1 runed door
D:3 Sigmund


Innate Abilities, Weirdness & Mutations

You are resistant to torment.
Your stone body is resilient. (AC +4)
You are immune to poison.
You resist negative energy. (rN+)
You are resistant to electric shocks. (rElec)
You can survive without breathing.
You are immune to petrification.
You are immune to rotting.


Message History

Press: ? - help, Shift-Dir - straight line, f - Sigmund
Aim: Sigmund, wielding a scythe of slicing and wearing a robe (severely wounded)
You throw a javelin. Sigmund hits you but does no damage.
Throwing (i - inventory)
d - 4 javelins (quivered)
Press: ? - help, Shift-Dir - straight line, f/p - Sigmund
Aim: Sigmund, wielding a scythe of slicing and wearing a robe (heavily wounded)
You throw a javelin.
The javelin hits Sigmund but does no damage.
Sigmund is heavily wounded.
Sigmund hits you but does no damage.
You're too confused to move!
Sigmund gestures at you while chanting.
You are more confused.
Unknown command.
You bump into the rock wall.
Sigmund closely misses you.
Throwing (i - inventory)
d - 3 javelins (quivered)
Press: ? - help, Shift-Dir - straight line, p - Sigmund You throw a javelin.
Sigmund hits you from afar with a scythe of slicing!
You die...

#..#.# #.#.#.#
#..#.#####.#...#
#).#.#...#.#...#
#..#.#...#.#...#
#..#.#...#.#...#
#........#.#.#.##
#........#.#@#..#
#......###.#.#..#
#.##.......#@#..##
############.#...#
..#...@..#
.....#.##.#
......... @!
#......##.# #..
####### .. . #..
..


You could see Sigmund.

Vanquished Creatures
  The ghost of Sergey the Ruffian, a novice VSSk of Cheibriados (D:3)
  Terence (D:1)
  Natasha (thrice) (D:2)
  An ooze (D:3)
  A worm (D:2)
  2 dart slugs
  2 leopard geckos (D:2)
  2 orcs
  6 bats
  A giant cockroach (D:3)
  4 goblins
  4 hobgoblins
  4 jackals (D:3)
  4 kobolds
  2 quokkas
  2 frilled lizards (D:2)
  8 rats
48 creatures vanquished.

Notes
Turn   | Place    | Note
-------+----------+-------------------------------------------
     0 | D:1      | hpc the Gargoyle Fighter began the quest for the Orb.
     0 | D:1      | Reached XP level 1. HP: 14/14 MP: 1/1
   171 | D:1      | Reached XP level 2. HP: 19/19 MP: 2/2
   485 | D:1      | Reached skill level 3 in Maces & Flails
   763 | D:2      | Noticed Terence
   781 | D:1      | Killed Terence
   781 | D:1      | Reached XP level 3. HP: 10/23 MP: 3/3
  1159 | D:2      | Noticed Natasha
  1171 | D:2      | Killed Natasha
  1171 | D:2      | Reached skill level 4 in Maces & Flails
  1171 | D:2      | Reached XP level 4. HP: 24/28 MP: 4/4
  1184 | D:2      | Noticed Natasha
  1190 | D:2      | Killed Natasha
  1249 | D:2      | Noticed Natasha
  1252 | D:2      | Killed Natasha
  1252 | D:2      | Reached skill level 5 in Maces & Flails
  1252 | D:2      | Reached XP level 5. HP: 22/32 MP: 5/5
  1482 | D:2      | Found a runed door.
  1619 | D:2      | Found a bloodstained altar of Trog.
  1816 | D:3      | Noticed Sergey's ghost (novice VSSk)
  1874 | D:3      | HP: 1/32 [Sergey's ghost (3)]
  1876 | D:3      | Killed Sergey's ghost
  1876 | D:3      | Reached skill level 6 in Maces & Flails
  1876 | D:3      | Reached XP level 6. HP: 1/37 MP: 6/6
  2201 | D:3      | Found a hide-covered altar of Uskayaw.
  2206 | D:3      | Noticed a dagger
  2207 | D:3      | Noticed a hand axe
  2295 | D:3      | Noticed Sigmund
  2329 | D:3      | Slain by Sigmund

Vault maps used:
D:1:      co_arrival_square_in_a_square_in_a_square, minmay_misc_feat_pillars
D:2:      trog_butcher_becter, uniq_terence, uniq_natasha,
          uniq_crazy_yiuf_cottage
D:3:      dancing_weapons_uskayaw, uniq_sigmund

Skill      XL: |  1  2  3  4  5 |
---------------+----------------+-----
Maces & Flails | 3 4 5 6 |  6.9
Fighting       | |  3.2
Armour         | |  3.2
Shields        | |  3.2

Action                   |  1- 3 |  4- 6 || total
-------------------------+-------+-------++-------
Melee: Flail             |    56 |       ||    56
       Mace              |    25 |   139 ||   164
Throw: Javelin           |       |     4 ||     4
  Use: Potion            |       |     1 ||     1
  Eat: Chunk             |     1 |     4 ||     5
Armor: Scale mail        |    38 |    50 ||    88
Dodge: Dodged            |    27 |    32 ||    59
Block: Shield            |    52 |    52 ||   104

Table legend:
 A = Spawn XP
 B = Non-spawn XP
 C = Spawn XP percentage of total XP
 D = Spawn monster count
 E = Non-spawn monster count
 F = Spawn count percentage of total count
 G = Total turns spent on level
                    A         B        C        D         E        F      G
               +---------+---------+-------+---------+---------+-------+---------
         Total |       0 |     530 |   0.0 |       0 |      48 |   0.0 |  2329
               +---------+---------+-------+---------+---------+-------+---------
           D:1 |       0 |      59 |   0.0 |       0 |      15 |   0.0 |  1055
           D:2 |       0 |     144 |   0.0 |       0 |      22 |   0.0 |  1007
           D:3 |       0 |     327 |   0.0 |       0 |      11 |   0.0 |   267
               +---------+---------+-------+---------+---------+-------+---------
